 Dungeon Crawl Stone Soup version 0.31-a0-859-g9dce7d3444 (webtiles) character file.

Game seed: 12382930291696003950

404 Kurtz the Sneak (level 6, -2/56 HPs)
             Began as a Naga Delver on Oct 9, 2023.
             Was a Follower of Makhleb.
             Slain by an iguana (4 damage)
             ... on level 3 of the Dungeon.
             The game lasted 00:03:43 (3392 turns).

Kurtz the Sneak (Naga Delver)                       Turns: 3392, Time: 00:03:43

Health: -2/56      AC:  7    Str: 14      XL:     6   Next: 86%
Magic:  8/8        EV:  4    Int: 10      God:    Makhleb [*.....]
Gold:   105        SH:  4    Dex: 14 (15) Spells: 5/5 levels left

rFire   . . .        a - +0 hand axe
rCold   . . .        e - +0 buckler
rNeg    . . .        h - +0 chain mail
rPois   +            p - +0 helmet
rElec   .            (no cloak)
rCorr   .            (no gloves)
SInv    +            (no barding)
Will    .....        l - amulet of magic regeneration
Stlth   +            (no ring)
HPRegen 0.29/turn    (no ring)
MPRegen 0.51/turn

%: no passive effects
@: hasted, quick
A: AC +2, large, see invisible, deformed body, poison resistance, slowness 2,
spit poison 1, naga tail 1
a: Spit Poison, Renounce Religion


You were on level 3 of the Dungeon.
You worshipped Makhleb.
Makhleb was aware of your devotion.
You visited 2 branches of the dungeon, and saw 6 of its levels.

You collected 105 gold pieces.

Inventory:

Hand Weapons
 a - a +0 hand axe (weapon)
Armour
 e - a +0 buckler (worn)
 h - a +0 chain mail (worn)
 p - a +0 helmet (worn)
Jewellery
 f - a +5 ring of evasion
 l - an amulet of magic regeneration (around neck)
 r - a ring of fire
Wands
 b - a wand of light (9)
 g - a wand of digging (3)
Scrolls
 c - a scroll of fog
 d - 3 scrolls of revelation
 i - 4 scrolls of teleportation
 j - 2 scrolls of identify
 k - a scroll of brand weapon
 n - a scroll of fear
 o - a scroll of vulnerability
 q - a scroll of enchant armour {unknown}


   Skills:
 + Level 3.5 Fighting
 * Level 5.6 Axes
 - Level 1.5 Dodging
 - Level 7.2 Stealth
 * Level 1.2 Shields
 * Level 3.4 Invocations


You had 5 spell levels left.
You didn't know any spells.
Your spell library was empty.

Dungeon Overview and Level Annotations

Branches:
Dungeon (5/15)             Temple (1/1) D:5

Altars:
Elyvilon
Fedhas
Makhleb
Okawaru
Qazlal
Ru
Sif Muna
Uskayaw
Vehumet
Wu Jian
Xom
Yredelemnul
Zin

Annotations:
D:4 exclusion: downstairs, Eustachio


Innate Abilities, Weirdness & Mutations

Your serpentine skin is tough. (AC +2)
You have supernaturally acute eyesight. (SInv)
Armour fits poorly on your strangely shaped body.
Your system is resistant to poisons. (rPois)
You cover ground very slowly.
You can spit poison.
You have a snake-like lower body.


Message History

You hit the iguana but do no damage.
You have got your breath back.
The scorpion stings you. The iguana bites you.
Unknown command.
Okay, then.
You completely miss the scorpion.
The scorpion is heavily wounded.
You completely miss the iguana. The scorpion stings you.
* * * LOW HITPOINT WARNING * * *
The iguana bites you.
* * * LOW HITPOINT WARNING * * *
Unknown command.
Aiming: Spit Poison (1% risk of failure)
Press: ? - help, Shift-Dir - straight line, f/p - scorpion
Aim: a scorpion (heavily wounded, 59% to hit)
The splash of poison hits the scorpion!
The scorpion is poisoned.
You kill the scorpion!
Makhleb accepts your kill.
You feel your dexterity returning.
You hit the iguana but do no damage.
The iguana is lightly wounded.
The iguana barely misses you.
Unknown command.
You completely miss the iguana.
The iguana is lightly wounded.
The iguana barely misses you.
You barely miss the iguana.
The iguana is lightly wounded.
The iguana bites you!
* * * LOW HITPOINT WARNING * * *
Unknown command.
You aren't carrying any potions.
Unknown command.
You hit the iguana but do no damage.
The iguana is lightly wounded.
You have got your breath back.
You closely miss the iguana.
The iguana is lightly wounded.
The iguana bites you.
You die...

#.##.#.#.# #.....#
#.##.#.#.#####
#####.#
#÷#..........# #.#
#........###.#####
#.#
.##)..#..........##
#.#
..>†^.............#
#.#
.###......##.###<.#
#.# ## ####.#.##.#
#l†# #.# # #.#.##.#
#@.# #.# ##.#.##.#
#..# ##.##
#.......# #..#
##...## #..#.####
#..# ##.....#
#..#.# #..#
#......# #..#.#
#..# #......#
#..#.######..#
#.#...##
#............#
#.#####
##..########.# #.#


You could see an iguana.

Vanquished Creatures
  Sigmund (D:2)
  2 scorpions
  Terence (D:2)
  Robin (D:2)
  4 adders
  A worm (D:3)
  A dart slug (D:2)
  3 orcs
  6 endoplasms
  2 giant cockroaches
  12 goblins
  3 hobgoblins
  3 kobolds
  4 ball pythons
  3 bats
  4 frilled lizards
  3 rats
54 creatures vanquished.

Notes
Turn   | Place    | Note
-------+----------+-------------------------------------------
     0 | D:5      | Kurtz the Naga Delver began the quest for the Orb.
     0 | D:5      | Reached XP level 1. HP: 21/21 MP: 1/1
     2 | D:5      | Found a staircase to the Ecumenical Temple.
     8 | D:5      | Noticed an ogre
    11 | Temple   | Entered the Ecumenical Temple
    54 | Temple   | Became a worshipper of Makhleb the Destroyer
   109 | D:4      | Noticed a phantom
   139 | D:4      | Noticed a scorpion
   144 | D:4      | Noticed Eustachio
   157 | D:4      | Killed a scorpion
   158 | D:4      | Reached XP level 2. HP: 8/28 MP: 2/4
   158 | D:4      | Reached XP level 3. HP: 10/34 MP: 2/5
   158 | D:4      | Reached XP level 4. HP: 13/42 MP: 2/6
  1402 | D:2      | Noticed Robin
  1428 | D:2      | Killed Robin
  1432 | D:2      | Reached * piety under Makhleb
  1740 | D:2      | Reached XP level 5. HP: 49/49 MP: 7/7
  1832 | D:2      | Noticed Terence
  1847 | D:2      | Killed Terence
  2321 | D:2      | Noticed Sigmund
  2340 | D:2      | Killed Sigmund
  2341 | D:2      | Reached skill level 5 in Axes
  2341 | D:2      | Reached skill level 1 in Shields
  2341 | D:2      | Reached XP level 6. HP: 22/56 MP: 8/8
  2666 | D:3      | Found a stormy altar of Qazlal.
  3390 | D:3      | HP: 2/56 [iguana (11)]
  3392 | D:3      | Slain by an iguana

Illustrated notes

Levels and vault maps discovered:
D:1:      spicycebolla_arrival_xxxplode, layout_basic, fountainhead,
          kennysheep_minor_cross, reono_crystal_passage,
          hangedman_abyss_or_decor_stabs, skrybe_limestone_x,
          chequers_serial_rivers_micro_d
D:2:      layout_loops_corners, uniq_robin, uniq_sigmund, uniq_terence
D:3:      layout_loops_ring, mainiacjoe_overflow_small_starburst
D:4:      layout_rooms, nicolae_ashenzari_panopticon,
          mainiacjoe_overflow_catwalk, uniq_eustachio
D:5:      layout_rooms, nicolae_overflow_crystal_walls,
          minmay_temple_entry_mist, minivault_1
Temple:   nicolae_temple_godzebo

Skill      XL: |  1  2  3  4  5 |
---------------+----------------+-----
Axes           | 3 5 |  5.6
Invocations    | 2 3 |  3.4
Shields        | 1 |  1.2
Fighting       | |  3.5
Dodging        | |  1.5
Stealth        | |  7.2

Action                     |  1- 3 |  4- 6 || total
---------------------------+-------+-------++-------
  Melee: Hand axe          |     6 |   223 ||   229
Ability: Spit Poison       |     3 |     8 ||    11
    Use: Scroll            |     1 |     3 ||     4
         Potion            |       |     6 ||     6
 Armour: Leather armour    |     7 |       ||     7
         Chain mail        |       |   204 ||   204
  Dodge: Dodged            |     3 |    43 ||    46
  Block: Buckler           |       |    30 ||    30

Table legend: (Time is in decaauts)
 A = Elapsed time spent in this place.
 B = Non-inter-level travel time spent in this place.
 C = Inter-level travel time spent in this place.
 D = Time resting spent in this place.
 E = Time spent auto-exploring this place.
 F = Levels seen in this place.
 G = Mean time per level.
                   A        B        C        D        E       F      G
               +--------+--------+--------+--------+--------+-----+--------+
         Total |   4267 |   4092 |    175 |    226 |   3180 |   6 |  711.2 |
       Dungeon |   4161 |   4031 |    130 |    226 |   3180 |   5 |  832.2 |
        Temple |    106 |     61 |     45 |      0 |      0 |   1 |  106.0 |
               +--------+--------+--------+--------+--------+-----+--------+

Top non-repeatable levels by time:
     D:2: 1705 daAuts
     D:3: 1229 daAuts
     D:1: 1032 daAuts
     D:4: 165 daAuts
  Temple: 106 daAuts
     D:5: 28 daAuts
